 Dungeon Crawl Stone Soup version 0.31.0-32-g396128a36d (webtiles) character file.

Game seed: 7724948702081390021

842 Isivan the Trooper (level 8, -1/55 HPs)
             Began as an Octopode Fighter on Mar 10, 2024.
             Incinerated by a bombardier beetle (5 damage)
             ... with a burning spray
             ... on level 5 of the Dungeon.
             The game lasted 00:06:13 (4947 turns).

Isivan the Trooper (Octopode Fighter)               Turns: 4947, Time: 00:06:14

Health: -1/55      AC:  1    Str: 15    XL:     8   Next: 0%
Magic:  8/8        EV: 13    Int: 13    God:
Gold:   340        SH:  4    Dex: 11    Spells: 7/7 levels left

rFire   . . .        a - +0 trident
rCold   . . .        b - +0 buckler
rNeg    . . .        (helmet currently unavailable)
rPois   .            q - amulet of magic regeneration
rElec   .            (no ring)
rCorr   .            (no ring)
SInv    .            (no ring)
Will    .....        (no ring)
Stlth   +            (no ring)
HPRegen 0.29/turn    (no ring)
MPRegen 0.51/turn    (no ring)
                     (no ring)

%: no passive effects
@: on fire, beast-form, glowing
A: beast (slay +2), almost no armour, amphibious, 8 rings, camouflage 1,
gelatinous body 1, (nimble swimmer 1), tentacles
a: Begin Untransformation


You were on level 5 of the Dungeon.
You were a hulking beast.
You visited 1 branch of the dungeon, and saw 5 of its levels.

You collected 340 gold pieces.


Innate Abilities, Weirdness & Mutations

You are a hulking beast.
Your limbs bulge with bestial killing power. (Slay +2)
You cannot wear most types of armour.
You are amphibious.
You can wear up to eight rings at the same time.
Your skin changes colour to match your surroundings (Stealth+).
Your rubbery body absorbs attacks. (AC +1, EV +1)
((You are camouflaged when in or above water. (Stealth+)))
You have tentacles for arms and can constrict up to eight enemies at once.


   Skills:
 + Level 5.3 Fighting
 - Level 3.0 Polearms
 - Level 4.0 Dodging
 - Level 4.0 Shields
 - Level 4.0 Evocations
 - Level 4.0 Shapeshifting


You had 7 spell levels left.
You didn't know any spells.
Your spell library contained the following spells:

 Spells                   Type           Power      Damage    Failure   Level
 Necrotise                Necr           0%         1d4       36%         1
 Vampiric Draining        Necr           0%         2d6       75%         3
 Anguish                  Hex/Necr       0%         N/A       98%         4
 Cause Fear               Hex            0%         N/A       98%         4
 Martyr's Knell           Necr/Summ      0%         N/A       98%         4
 Curse of Agony           Necr           0%         N/A       100%        5
 Enfeeble                 Hex            0%         N/A       100%        7

Inventory:

Hand Weapons
 a - a +0 trident (weapon)
Armour
 b - a +0 buckler (worn)
Jewellery
 q - an amulet of magic regeneration (around mantle)
 D - a +6 ring of dexterity
 F - a ring of fire
Talismans
 n - a beast talisman (active)
Wands
 r - a wand of roots (6)
Scrolls
 e - 3 scrolls of identify {unknown}
 f - a scroll of brand weapon {unknown}
 g - a scroll of noise {unknown}
 h - 2 scrolls of enchant armour {unknown}
 j - a scroll of fog {unknown}
 o - 2 scrolls of enchant weapon {unknown}
 p - a scroll of immolation {unknown}
Potions
 c - 3 potions of might
 d - a potion of cancellation {unknown}
 i - a potion of degeneration {unknown}
 k - a potion of heal wounds {unknown}
 l - a potion of magic {unknown}
 m - a potion of lignification {unknown}
 s - a potion of mutation {unknown}

Dungeon Overview and Level Annotations

Branches:
Dungeon (5/15)
 Temple: D:4-7

Altars:
Dithmenos

Shops:
D:4 :

Annotations:
D:4 1 runed translucent door, AbbaRin's ghost, amateur DECj

#######▒▒▒▒▒.# #.#
.....)<▒...▒)# ##.##
.######▒⚑..'.# ##.<.##
## .# ▒...▒)#
######.....######. .#
▒▒▒▒▒.#
#..............##. .#
#÷###.####.....###.##.
[# #)....#
##...........
[###########.....#
##.#####....
................h###
##########.
########.###)....†..#
.......... ####
#....>....##.#
#.######## ...#
#.....#.#.# # ##.#
##.........#
#.####......#.###
#..........##.#
######...### # ##.##


There were no monsters in sight!


Message History

You kill the bombardier beetle!
The liquid fire burns you!
You have reached level 8!
You are on fire!
Unknown command.
You are on fire!
The liquid fire burns you!
Unknown command.
The liquid fire burns you! The liquid fire burns you!
Unknown command.
The liquid fire burns you! The liquid fire burns you!
* * * LOW HITPOINT WARNING * * *
Unknown command.
The liquid fire burns you!
* * * LOW HITPOINT WARNING * * *
The liquid fire burns you!
* * * LOW HITPOINT WARNING * * *
Unknown command.
The liquid fire burns you!
* * * LOW HITPOINT WARNING * * *
Unknown command.
The liquid fire burns you!
* * * LOW HITPOINT WARNING * * *
The liquid fire burns you!
* * * LOW HITPOINT WARNING * * *
Unknown command.
The liquid fire burns you!
You die...

Skill      XL: |  1  2  3  4  5  6  7 |
---------------+----------------------+-----
Fighting       | 4 5 |  5.3
Polearms       | 3 |  3.0
Shields        | 4 |  4.0
Shapeshifting  | 1 4 |  4.0
Evocations     | 1 4 |  4.0
Dodging        | 4 |  4.0

Action                     |  1- 3 |  4- 6 |  7- 9 || total
---------------------------+-------+-------+-------++-------
  Melee: Trident           |    70 |    89 |    62 ||   221
         Constrict         |    12 |    13 |    14 ||    39
         Tentacles         |     9 |    10 |    10 ||    29
         Punch             |       |       |     1 ||     1
  Throw: Dart              |       |     4 |       ||     4
  Evoke: Wand              |       |     1 |       ||     1
   Stab: Sleeping          |     8 |     4 |       ||    12
         Distracted        |     1 |       |     1 ||     2
 Armour: Skin              |    16 |    21 |    20 ||    57
  Dodge: Dodged            |    25 |    27 |    19 ||    71
  Block: Buckler           |    10 |    10 |     8 ||    28
   Form: Beast             |       |     1 |       ||     1

Levels and vault maps discovered:
D:1:      dpeg_arrival_round_c, layout_loops_ring, kennysheep_doodads
D:2:      layout_loops_ring
D:3:      layout_loops_ring, uniq_jessica
D:4:      layout_cave_pools, serial_shops, nicolae_take_the_stairs,
          hellmonk_ghost_happy_afterlife, minmay_statues_item,
          corexii_corridor_pit, dreamdust_wishing_well, lemuel_flame_loot_1
D:5:      layout_loops_ring, grunt_dithmenos_shadows, gammafunk_ghost_hive,
          kennysheep_another_room

Notes
Turn   | Place    | Note
-------+----------+-------------------------------------------
     0 | D:1      | Isivan the Octopode Fighter began the quest for the Orb.
     0 | D:1      | Reached XP level 1. HP: 16/16 MP: 1/1
   168 | D:1      | Reached XP level 2. HP: 20/21 MP: 2/2
   316 | D:1      | Reached skill level 4 in Fighting
   446 | D:1      | Reached XP level 3. HP: 27/27 MP: 3/3
  1081 | D:2      | Reached skill level 3 in Polearms
  1208 | D:2      | Reached XP level 4. HP: 32/33 MP: 4/4
  1611 | D:3      | Noticed Jessica
  1616 | D:3      | Killed Jessica
  1617 | D:3      | Reached skill level 4 in Shields
  2365 | D:4      | Noticed an ogre
  2369 | D:4      | Reached XP level 5. HP: 31/37 MP: 5/5
  2488 | D:4      | Found a runed translucent door.
  2488 | D:4      | Noticed AbbaRin's ghost (amateur DECj)
  2543 | D:4      | Reached skill level 1 in Shapeshifting
  2723 | D:4      | HP: 2/38 [gnoll/+0 spear of flaming (3)]
  2725 | D:4      | Reached XP level 6. HP: 2/45 MP: 6/6
  3153 | D:4      | Reached skill level 5 in Fighting
  3153 | D:4      | Reached skill level 2 in Shapeshifting
  3194 | D:4      | Reached skill level 3 in Shapeshifting
  3355 | D:4      | Found Kymiqi's Book Shop.
  3483 | D:4      | HP: 4/45 [ogre/+0 giant club (20)]
  3839 | D:5      | Entered Level 5 of the Dungeon
  3871 | D:5      | Reached skill level 4 in Shapeshifting
  3871 | D:5      | Reached skill level 1 in Evocations
  3871 | D:5      | Reached XP level 7. HP: 50/50 MP: 7/7
  3876 | D:5      | Reached skill level 2 in Evocations
  3900 | D:5      | Reached skill level 3 in Evocations
  4585 | D:5      | Reached skill level 4 in Evocations
  4676 | D:5      | Found a shadowy altar of Dithmenos.
  4680 | D:5      | Reached skill level 4 in Dodging
  4937 | D:5      | Reached XP level 8. HP: 46/55 MP: 8/8
  4946 | D:5      | HP: 3/55 [burnt (4)]
  4947 | D:5      | Incinerated by a bombardier beetle

Vanquished Creatures
  2 ogres (D:4)
  2 scorpions
  3 bombardier beetles
  A howler monkey (D:5)
  2 jellies (D:5)
  An orc priest (D:5)
  Jessica (D:3)
  An iguana (D:5)
  4 orc wizards (D:5)
  4 gnolls (D:4)
  5 adders
  A shadow imp (D:5)
  A ribbon worm (D:3)
  2 dart slugs (D:1)
  9 orcs
  8 ball pythons
  5 endoplasms
  2 giant cockroaches
  4 goblins
  7 hobgoblins
  5 quokkas
  2 bats (D:1)
  3 frilled lizards
  10 kobolds
  2 rats (D:1)
87 creatures vanquished.

Table legend: (Time is in decaauts)
 A = Elapsed time spent in this place.
 B = Non-inter-level travel time spent in this place.
 C = Inter-level travel time spent in this place.
 D = Time resting spent in this place.
 E = Time spent auto-exploring this place.
 F = Levels seen in this place.
 G = Mean time per level.
                   A        B        C        D        E       F      G
               +--------+--------+--------+--------+--------+-----+--------+
         Total |   4990 |   4775 |    215 |    858 |   3228 |   5 |  998.0 |
       Dungeon |   4990 |   4775 |    215 |    858 |   3228 |   5 |  998.0 |
               +--------+--------+--------+--------+--------+-----+--------+

Top non-repeatable levels by time:
     D:4: 1483 daAuts
     D:5: 1086 daAuts
     D:1: 869 daAuts
     D:3: 849 daAuts
     D:2: 702 daAuts

Table legend:
 A = Non-vault XP
 B = Vault XP
 C = Vault XP percentage of total XP
 D = Non-vault monster count
 E = Vault monster count
 F = Vault count percentage of total count
                 A         B        C        D         E       F
            +---------+---------+-------+---------+---------+-------
      Total |    1156 |      48 |   4.0 |      85 |       2 |   2.3
            +---------+---------+-------+---------+---------+-------
        D:1 |      49 |       0 |   0.0 |      27 |       0 |   0.0
        D:2 |      51 |       0 |   0.0 |      10 |       0 |   0.0
        D:3 |      22 |      37 |  62.7 |      11 |       1 |   8.3
        D:4 |     456 |       0 |   0.0 |      16 |       0 |   0.0
        D:5 |     578 |      11 |   1.9 |      21 |       1 |   4.5
            +---------+---------+-------+---------+---------+-------
